cohdb
Replays
Latest Replays
All Replays
Popular Replays
Top Player Replays
Match Explorer
How It Works
Community
CoH3 Stats
Reddit
Sign in to upload your games and track your stats! →
Sign in with Steam
Match 25706332
Unlisted
Match 25706332
Overview
Messages
Build Orders
End
Engineer Squad
Construct Weapon Support Center
Sniper
Bazooka Squad
Infantry Support Center
Bazooka Squad
M3 Armored Personnel Carrier
M1919 Machine Gun Team
.30 cal Machine Gun
.30 cal Machine Gun
Advanced Logistics
Selects Advanced Infantry Battlegroup
Selects Convert to Ranger Squad
Selects Designate Assault Position
.30 cal Machine Gun
Survival Training
M1919 Machine Gun Team
Improved M9 Bazooka Rockets
Scout Squad
Selects Infantry Assault
Infantry Assault
Designate Assault Position
M1919 Machine Gun Team
Selects Ammunition Storage
.30 cal Machine Gun
Construct Tank Depot
Engineer Squad
ChuaMC
雲蘭
TW_ponpon
TidaL
Nolo
Brezelbube
Christian_Steifen
Jesus's Cream
0
0
Comments
sign in to comment!
No comments posted yet!